 Dungeon Crawl Stone Soup version 0.31.0-11-ge490571c62 (webtiles) character file.

Game seed: 12393102670370323888

557 qw the Skirmisher (level 7, -4/40 HPs)
             Began as a Deep Elf Hunter on Feb 4, 2024.
             Was a Follower of Okawaru.
             Slain by a gnoll
             ... wielding a +0 halberd
             ... led by a gnoll sergeant
              (11 damage)
             ... on level 5 of the Dungeon.
             The game lasted 00:00:16 (3392 turns).

qw the Skirmisher (Deep Elf Hunter)                 Turns: 3392, Time: 00:00:16

Health: -4/40      AC:  9    Str: 14    XL:     7   Next: 9%
Magic:  10/10      EV: 13    Int: 14    God:    Okawaru [*.....]
Gold:   21         SH:  0    Dex: 26    Spells: 6/6 levels left

rFire   . . .        a - +0 shortbow
rCold   . . .        (shield currently unavailable)
rNeg    . . .        h - +0 ring mail
rPois   .            (no helmet)
rElec   .            (no cloak)
rCorr   .            j - +1 pair of gloves
SInv    .            f - +1 pair of boots
Will    .....        (no amulet)
Stlth   ++           d - +6 ring of strength
HPRegen 0.26/turn    o - +6 ring of dexterity
MPRegen 0.12/turn

%: no passive effects
@: no status effects
A: no striking features
a: Renounce Religion, Heroism


You were on level 5 of the Dungeon.
You worshipped Okawaru.
Okawaru was aware of your devotion.
You visited 1 branch of the dungeon, and saw 5 of its levels.

You collected 168 gold pieces.
You spent 147 gold pieces at shops.


   Skills:
 - Level 2.0 Fighting
 - Level 10.0 Ranged Weapons
 - Level 0.3 Armour
 + Level 3.8 Dodging
 - Level 1.2 Stealth
 + Level 2.2 Invocations


You had 6 spell levels left.
You didn't know any spells.
Your spell library was empty.

Inventory:

Hand Weapons
 a - a +0 shortbow (weapon)
Armour
 f - a +1 pair of boots (worn)
 h - a +0 ring mail (worn)
 j - a +1 pair of gloves (worn)
Jewellery
 d - a +6 ring of strength (left hand)
 o - a +6 ring of dexterity (right hand)
Potions
 c - a potion of haste
 e - 2 potions of curing
 g - a potion of might {unknown}
 i - a potion of resistance {unknown}
 p - a potion of heal wounds {unknown}

Dungeon Overview and Level Annotations

Branches:
Dungeon (5/15)             Temple (0/1) D:4

Altars:
Ashenzari
Dithmenos
Elyvilon
Hepliaklqana
Okawaru
Xom

Shops:
D:2 [   D:4 *

Annotations:
D:3 3 runed translucent doors, qw's ghost, amateur DEHu
D:5 1 runed translucent door, qw's ghost, novice SpHu


Message History

Your Invocations skill increases to level 2!
You have reached level 7!
You shoot an arrow. The arrow hits the gnoll.
The gnoll is moderately wounded.
The gnoll barely misses you.
Qw's ghost shrieks, "What do you have that I didn't have?"
You shoot an arrow.
The arrow hits the gnoll but does no damage.
The gnoll is moderately wounded.
The gnoll hits you from afar with a +0 spear.
You shoot an arrow. The arrow hits the gnoll.
The gnoll is severely wounded.
The gnoll barely misses you.
You shoot an arrow. The arrow barely misses the gnoll.
The gnoll hits you but does no damage.
You shoot an arrow. The arrow hits the gnoll!
You kill the gnoll!
Okawaru accepts your kill.
3386 ||| FLEEEEING.
You shoot an arrow. The arrow hits the gnoll!
The gnoll is almost dead.
You shoot an arrow. The arrow hits the gnoll.
You kill the gnoll!
Okawaru accepts your kill. The gnoll hits you but does no damage.
You shoot an arrow. The arrow hits the gnoll!
The gnoll is severely wounded.
The gnoll completely misses you.
You shoot an arrow. The arrow completely misses the gnoll.
The arrow hits the gnoll.
The gnoll is moderately wounded.
The gnoll closely misses you.
You shoot an arrow. The arrow hits the gnoll.
The gnoll is moderately wounded.
The gnoll barely misses you. The gnoll closely misses you.
You shoot an arrow. The arrow hits the gnoll!
You kill the gnoll!
Okawaru accepts your kill.
The gnoll hits you from afar with a +0 halberd! x2
You die...

#....#...# #.....#
##.....##### ###
#..........#####.##
.....##.##.....##...#
.....#..#......)....#
........#....#+#gg.##
.............#S#)...#
.....####....#W#@)..###
..... ......#S#......#
... .#.....#~#.....###
......#[#.......# ...?.
#~###.....# #.....#
##.##.## #).:..#
####.....#


You could see 2 gnolls and an adder.

Vanquished Creatures
  A phantom (D:4)
  A gnoll sergeant (D:5)
  2 hounds
  An orc priest (D:4)
  A bombardier beetle (D:3)
  Jessica (D:3)
  Natasha (thrice) (D:4)
  An iguana (D:3)
  2 orc wizards (D:4)
  3 gnolls (D:5)
  An adder (D:4)
  2 ufetubi (D:5)
  A dart slug (D:4)
  A ribbon worm (D:2)
  4 orcs (D:4)
  6 ball pythons
  5 bats
  6 endoplasms
  5 giant cockroaches
  6 goblins
  6 hobgoblins
  5 jackals
  2 quokkas
  5 frilled lizards
  9 kobolds
  5 rats
85 creatures vanquished.

Notes
Turn   | Place    | Note
-------+----------+-------------------------------------------
     0 | D:1      | qw the Deep Elf Hunter began the quest for the Orb.
     0 | D:1      | Reached XP level 1. HP: 12/12 MP: 3/3
     0 | D:1      | 0 ||| qw: Version: 0.3-a-160-g6735b56
     0 | D:1      | 0 ||| qw: Game counter: 5221
     0 | D:1      | 0 ||| qw: Melee chars always use a shield: true
     0 | D:1      | 0 ||| qw: God list: Okawaru
     0 | D:1      | 0 ||| qw: Allow faded altars: false
     0 | D:1      | 0 ||| qw: Do Orc after clearing Dungeon:15 true
     0 | D:1      | 0 ||| qw: Do second Lair branch before Depths: true
     0 | D:1      | 0 ||| qw: Lair rune preference: random
     0 | D:1      | 0 ||| qw: Goals: Normal
     0 | D:1      | 0 ||| PLANNING D:1-11
   142 | D:1      | Reached XP level 2. HP: 16/16 MP: 4/4
   214 | D:1      | Reached skill level 6 in Ranged Weapons
   609 | D:1      | 609 ||| UPGRADING to +6 ring of strength.
   610 | D:1      | 610 ||| READING scroll labelled VUW GANWUFU.
   611 | D:1      | 611 ||| READING scroll labelled ESSODA YB EMP.
   611 | D:1      | 611 ||| ENCHANTING +0 shortbow.
   612 | D:1      | 612 ||| DROPPING scroll of butterflies.
   682 | D:2      | Reached XP level 3. HP: 20/20 MP: 5/5
   759 | D:2      | Found Pakuomo's Antique Armour Boutique.
   770 | D:2      | 770 ||| SHOPLISTING +3 pair of gauntlets of War {Slay+5}
                  | (807 gold, have 60).
   770 | D:2      | 770 ||| SHOPLISTING glowing scale mail (119 gold, have 60).
   770 | D:2      | 770 ||| SHOPLISTING helmet (76 gold, have 60).
   770 | D:2      | 770 ||| SHOPLISTING runed scale mail (119 gold, have 60).
   770 | D:2      | 770 ||| SHOPLISTING scale mail (68 gold, have 60).
   770 | D:2      | 770 ||| SHOPLISTING steaming ring mail (153 gold, have 60).
   911 | D:2      | Reached skill level 7 in Ranged Weapons
  1195 | D:2      | Found a faded altar of an unknown god.
  1329 | D:2      | 1329 ||| UPGRADING to +1 pair of boots.
  1334 | D:2      | 1334 ||| READING 2 scrolls labelled ANIBUU ETHRIK.
  1335 | D:2      | 1335 ||| READING scroll labelled YVVEAK INEWN.
  1335 | D:2      | 1335 ||| IDENTIFYING metallic golden potion
  1336 | D:2      | 1336 ||| DROPPING scroll of poison.
  1375 | D:3      | Found a runed translucent gate.
  1375 | D:3      | Found a runed translucent gate.
  1375 | D:3      | Found a runed translucent gate.
  1410 | D:3      | Noticed qw's ghost (amateur DEHu)
  1604 | D:3      | Noticed Jessica
  1609 | D:3      | Killed Jessica
  1610 | D:3      | Reached XP level 4. HP: 25/25 MP: 6/6
  1639 | D:3      | Reached skill level 8 in Ranged Weapons
  1744 | D:3      | Reached skill level 3 in Dodging
  1744 | D:3      | Reached XP level 5. HP: 22/29 MP: 7/7
  1798 | D:3      | Found a white marble altar of Elyvilon.
  1801 | D:3      | Found an iron altar of Okawaru.
  1807 | D:3      | Found a broken altar of Ashenzari.
  1812 | D:3      | Found a shimmering altar of Xom.
  1813 | D:3      | 1813 ||| PLANNING OKAWARU WORSHIP
  1813 | D:3      | 1813 ||| UPGRADING to +0 ring mail.
  1823 | D:3      | 1823 ||| DROPPING +0 leather armour.
  1831 | D:3      | Became a worshipper of Warmaster Okawaru
  1832 | D:3      | 1832 ||| PLANNING D:1-11
  2203 | D:3      | 2203 ||| READING scroll of identify.
  2203 | D:3      | 2203 ||| IDENTIFYING lumpy sapphire potion
  2204 | D:3      | 2204 ||| DROPPING potion of degeneration.
  2212 | D:4      | Noticed a phantom
  2219 | D:4      | Killed a phantom
  2220 | D:4      | Reached skill level 9 in Ranged Weapons
  2312 | D:4      | Reached XP level 6. HP: 35/35 MP: 8/8
  2400 | D:4      | 2400 ||| FLEEEEING.
  2572 | D:4      | Noticed Natasha
  2577 | D:4      | Killed Natasha
  2577 | D:4      | Reached * piety under Okawaru
  2687 | D:4      | Found a shadowy altar of Dithmenos.
  2783 | D:4      | Found a hazy altar of Hepliaklqana.
  2783 | D:4      | Noticed Natasha
  2786 | D:4      | 2786 ||| INVOKING Heroism.
  2790 | D:4      | Killed Natasha
  2791 | D:4      | Reached skill level 10 in Ranged Weapons
  2791 | D:4      | Reached skill level 1 in Invocations
  2867 | D:4      | Found a staircase to the Ecumenical Temple.
  2999 | D:4      | Noticed Natasha
  3010 | D:4      | Killed Natasha
  3151 | D:4      | Found Nihoqaaf's Assorted Antiques.
  3156 | D:4      | 3156 ||| BUYING bone ring (125 gold).
  3156 | D:4      | Bought a bone ring for 125 gold pieces
  3156 | D:4      | 3156 ||| BUYING emerald potion (22 gold).
  3156 | D:4      | Bought an emerald potion for 22 gold pieces
  3156 | D:4      | 3156 ||| SHOPLISTING glowing shortbow (150 gold, have 21).
  3156 | D:4      | 3156 ||| SHOPLISTING lead wand (100 gold, have 21).
  3156 | D:4      | 3156 ||| SHOPLISTING runed sling (112 gold, have 21).
  3156 | D:4      | 3156 ||| SHOPLISTING scroll of enchant armour (187 gold,
                  | have 21).
  3202 | D:4      | 3202 ||| UPGRADING to +1 pair of gloves.
  3207 | D:4      | 3207 ||| UPGRADING to +6 ring of dexterity.
  3208 | D:4      | 3208 ||| READING scroll of identify.
  3208 | D:4      | 3208 ||| IDENTIFYING fizzy blue potion
  3209 | D:4      | 3209 ||| READING scroll labelled IMNOASHION.
  3210 | D:4      | 3210 ||| READING scroll labelled JABOMN VINURIFO.
  3311 | D:4      | 3311 ||| READING scroll labelled FOGOZXUMAF.
  3312 | D:4      | 3312 ||| READING scroll labelled BONLIL MUTITRE.
  3326 | D:5      | Entered Level 5 of the Dungeon
  3328 | D:5      | Identified the +3 spear of Valour {pain, rPois}
  3331 | D:5      | Found a runed translucent door.
  3340 | D:5      | Noticed qw's ghost (novice SpHu)
  3360 | D:5      | 3360 ||| RETREEEEATING.
  3361 | D:5      | 3361 ||| RETREEEEATING.
  3362 | D:5      | 3362 ||| RETREEEEATING.
  3363 | D:5      | 3363 ||| RETREEEEATING.
  3364 | D:5      | 3364 ||| RETREEEEATING.
  3365 | D:5      | 3365 ||| RETREEEEATING.
  3366 | D:5      | 3366 ||| RETREEEEATING.
  3367 | D:5      | 3367 ||| RETREEEEATING.
  3368 | D:5      | 3368 ||| RETREEEEATING.
  3369 | D:5      | 3369 ||| RETREEEEATING.
  3370 | D:5      | 3370 ||| RETREEEEATING.
  3373 | D:5      | 3373 ||| RETREEEEATING.
  3374 | D:5      | 3374 ||| RETREEEEATING.
  3381 | D:5      | Reached XP level 7. HP: 15/40 MP: 10/10
  3386 | D:5      | 3386 ||| FLEEEEING.
  3392 | D:5      | HP: 7/40 [gnoll/+0 halberd[a gnoll sergeant] (7)]
  3392 | D:5      | Slain by a gnoll

Levels and vault maps discovered:
D:1:      nzn_arrival_crosshair, layout_basic
D:2:      layout_basic, serial_shops, shop, basic_ecumenical_altar
D:3:      layout_loops_ring, nicolae_overflow_macrodata_refinement,
          gammafunk_ghost_icy, nrook_campfire, minmay_crystal_room,
          chequers_serial_rivers_room_a, grunt_decor_cap,
          minmay_misc_feat_rugged, chequers_hall_statues_y,
          kennysheep_pointless_box, uniq_jessica
D:4:      layout_loops_ring, nicolae_dithmenos_the_darkroom,
          mainiacjoe_overflow_small_starburst, minmay_temple_entry_wispy,
          serial_shops, nicolae_shop_just_a_little_nook,
          minmay_misc_feat_encased, uniq_natasha
D:5:      layout_cave_pools, lemuel_crystal_altar, ebering_ghost_sewer_d,
          kennysheep_small_circle, uniq_pikel

Skill      XL: |  1  2  3  4  5  6 |
---------------+-------------------+-----
Ranged Weapons | 6 7 8 9 10 | 10.0
Dodging        | 3 |  3.8
Fighting       | 2 |  2.0
Invocations    | 2 |  2.2
Armour         | |  0.3
Stealth        | |  1.2

Action                     |  1- 3 |  4- 6 |  7- 9 || total
---------------------------+-------+-------+-------++-------
   Fire: Shortbow          |   127 |   142 |    11 ||   280
 Invoke: Heroism           |       |     1 |       ||     1
    Use: Scroll            |     4 |     6 |       ||    10
 Armour: Leather armour    |    18 |    10 |       ||    28
         Ring mail         |       |    49 |     5 ||    54
  Dodge: Dodged            |    30 |    37 |     6 ||    73

Table legend:
 A = Non-vault XP
 B = Vault XP
 C = Vault XP percentage of total XP
 D = Non-vault monster count
 E = Vault monster count
 F = Vault count percentage of total count
                 A         B        C        D         E       F
            +---------+---------+-------+---------+---------+-------
      Total |     737 |      73 |   9.0 |      83 |       2 |   2.4
            +---------+---------+-------+---------+---------+-------
        D:1 |      38 |       0 |   0.0 |      22 |       0 |   0.0
        D:2 |      34 |       0 |   0.0 |      20 |       0 |   0.0
        D:3 |     145 |      37 |  20.3 |      18 |       1 |   5.3
        D:4 |     374 |      36 |   8.8 |      17 |       1 |   5.6
        D:5 |     146 |       0 |   0.0 |       6 |       0 |   0.0
            +---------+---------+-------+---------+---------+-------
